 Dungeon Crawl Stone Soup version 0.29.1-1-gd02db6906a (webtiles) character file.

Game seed: 3302791694228220492

800 concernfroge the Fighter (level 7, 0/64 HPs)
             Began as a Mummy Monk on Sept 18, 2022.
             Slain by an orc wizard
             ... wielding a +0 dagger
              (3 damage)
             ... on level 7 of the Dungeon.
             The game lasted 00:09:16 (4578 turns).

concernfroge the Fighter (Mummy Monk)               Turns: 4578, Time: 00:09:17

Health: 0/64       AC: 12    Str: 15    XL:     7   Next: 59%
Magic:  7/7        EV:  4    Int:  9    God:
Gold:   203        SH:  0    Dex: 16    Spells: 6/6 levels left

rFire   x . .      SeeInvis .   b - +0 demon blade (elec)
rCold   + . .      Faith    .   (no shield)
rNeg    + + +      Spirit   .   i - +0 plate armour
rPois   ∞          Reflect  .   j - +0 helmet
rElec   .          Harm     .   h - +0 cloak
rCorr   .          Rampage  .   (no gloves)
Will    .....                   (no boots)
Stlth   ..........              (no amulet)
HPRegen 0.20/turn               (no ring)
MPRegen 0.10/turn               (no ring)

@: studying Throwing
A: cold resistance 1, negative energy resistance 3, torment resistance 2, heat
vulnerability 1, in touch with death 1, no potions
a: no special abilities


You were on level 7 of the Dungeon.
You visited 1 branch of the dungeon, and saw 7 of its levels.
You also visited: Sewer.

You collected 203 gold pieces.

Inventory:

Hand Weapons
 b - a +0 demon blade of electrocution (weapon)
Missiles
 e - 9 atropa-tipped darts
 g - 20 poisoned darts (quivered)
Armour
 h - a +0 cloak (worn)
 i - a +0 plate armour (worn)
 j - a +0 helmet (worn)
Scrolls
 a - 2 scrolls of immolation
 c - a scroll of identify
 d - a scroll of amnesia
 f - 4 scrolls of teleportation
 k - a scroll of noise
 l - 2 scrolls of blinking


   Skills:
 + Level 9.1 Fighting
 - Level 2.4 Polearms
 - Level 2.4 Dodging
 - Level 1.5 Stealth


You had 6 spell levels left.
You didn't know any spells.
Your spell library contained the following spells:

 Spells                   Type           Power      Damage    Failure   Level
 Animate Armour           Summ/Erth      0%         N/A       100%        4
 Iron Shot                Conj/Erth      0%         9d1       100%        6
 Blade Hands              Tmut           Unusable   N/A       N/A         5

Dungeon Overview and Level Annotations

Branches:
Dungeon (7/15)              Sewer (visited)
 Temple: D:4-7

Altars:
Hepliaklqana
Kikubaaqudgha
Nemelex Xobeh
Uskayaw
Wu Jian

Shops:
D:3 =   D:4 =

Annotations:
D:7 Pikel


Innate Abilities, Weirdness & Mutations

You are immune to poison.
Your flesh is cold resistant. (rC+)
You are immune to negative energy. (rN+++)
You are immune to unholy pain and torment.
You are vulnerable to heat. (rF-)
You are in touch with the powers of death.
You do not drink.


Message History

Something hits you but does no damage.
You closely miss something.
You feel less confused.
The orc hits you from afar with a +0 trident.
Something hits you.
You miss something. The orc barely misses you. Something hits you.
You closely miss something.
The black bear growls angrily.
The orc hits you but does no damage. Something hits you but does no damage.
You hear some strange, mumbled words.
A puff of flame appears from out of thin air!
The puff of flame hits you! The fire burns you terribly!
The orc hits you but does no damage.
You closely miss something. The orc hits you but does no damage.
Something hits you but does no damage.
As you read the scroll of identify, it crumbles to dust.
l - 2 scrolls of blinking The orc hits you from afar with a +0 trident.
Something hits you but does no damage.
Okay, then.
You completely miss something. The orc hits you but does no damage.
Something hits you.
You barely miss something.
The orc hits you from afar with a +0 trident.
Something hits you.
You hear some strange, mumbled words.
Something tries to affect you, but you resist.
The orc hits you from afar with a +0 trident.
You hit something. The orc completely misses you. Something hits you.
You barely miss something. The orc barely misses you.
Something hits you but does no damage.
You closely miss something.
The orc hits you from afar with a +0 trident.
* * * LOW HITPOINT WARNING * * *
You hear some strange, mumbled words.
A puff of flame appears from out of thin air!
The puff of flame hits you! The fire burns you terribly!
* * * LOW HITPOINT WARNING * * *
Something hits you.
You die...

#### ..# #.#
##########.##########
....ho{@............#
....#####.#########.#
. #.# #.# #.# #.# #.#
#.### #.# #<..# ..#
###.# ### #.# #.#


You could see a black bear and an orc.

Vanquished Creatures
  A water moccasin (D:6)
  2 phantoms
  A lemure (D:6)
  2 bullfrogs (D:6)
  A scorpion (D:5)
  A hound (D:4)
  2 orc priests
  2 iguanas
  Terence (D:3)
  A hell rat (Sewer)
  6 adders
  2 river rats (Sewer)
  A shadow imp (D:7)
  4 dart slugs
  12 orcs
  3 bats
  3 endoplasms (D:3)
  8 giant cockroaches
  2 goblins
  7 jackals
  5 quokkas
  10 ball pythons
  3 frilled lizards
  3 kobolds
  9 rats
92 creatures vanquished.

Notes
Turn   | Place    | Note
-------+----------+-------------------------------------------
     0 | D:1      | concernfroge the Mummy Monk began the quest for the Orb.
     0 | D:1      | Reached XP level 1. HP: 18/18 MP: 1/1
   297 | D:1      | Reached XP level 2. HP: 24/24 MP: 2/2
   595 | D:2      | Reached skill level 4 in Fighting
   854 | D:2      | Gained mutation: You are in touch with the powers of death.
                  | [Mummy growth]
   854 | D:2      | Reached XP level 3. HP: 30/30 MP: 3/3
   867 | D:2      | Found a sparkling altar of Nemelex Xobeh.
  1463 | D:3      | Found a glowing drain.
  1480 | Sewer    | Entered a sewer
  1493 | Sewer    | Reached skill level 5 in Fighting
  1493 | Sewer    | Reached XP level 4. HP: 30/39 MP: 4/4
  1789 | D:3      | Noticed Terence
  1799 | D:3      | Killed Terence
  1932 | D:3      | Reached XP level 5. HP: 44/46 MP: 5/5
  1954 | D:3      | Found a faded altar of an unknown god.
  2076 | D:3      | Found Lukhliodu's Jewellery Shop.
  2370 | D:4      | Noticed a phantom
  2386 | D:4      | Killed a phantom
  2387 | D:4      | Reached skill level 6 in Fighting
  2627 | D:4      | Reached XP level 6. HP: 52/53 MP: 6/6
  2960 | D:4      | Reached skill level 7 in Fighting
  3162 | D:4      | Found Juxzaq's Jewellery Emporium.
  3175 | D:4      | Found an ornate altar of the Wu Jian Council.
  3427 | D:5      | Entered Level 5 of the Dungeon
  3477 | D:5      | Found a hide-covered altar of Uskayaw.
  3479 | D:5      | Found an ancient bone altar of Kikubaaqudgha.
  3679 | D:6      | Noticed a water moccasin
  3803 | D:5      | Reached skill level 8 in Fighting
  3803 | D:5      | Reached XP level 7. HP: 57/62 MP: 7/7
  3913 | D:6      | Found a faded altar of an unknown god.
  3916 | D:6      | Found a hazy altar of Hepliaklqana.
  3916 | D:6      | Found a faded altar of an unknown god.
  4094 | D:6      | Reached skill level 9 in Fighting
  4313 | D:7      | Noticed Pikel
  4578 | D:7      | HP: 3/64 [something/puff of flame (15)]
  4578 | D:7      | Slain by an orc wizard

Illustrated notes

Levels and vault maps discovered:
D:1:      scummos_arrival_star, layout_basic, minmay_misc_feat_pillars,
          hangedman_abyss_or_decor_stabs
D:2:      layout_basic, basic_altar
D:3:      layout_rooms, chequers_ecumenical_altar_island, gup_sewer_entry_pipe,
          serial_shops, nicolae_shop_statue_plus, uniq_terence
D:4:      nicolae_cairo_tiling_large_dashed, layout_loops_ring,
          nzn_wu_jian_contemplation, zin_statuary, serial_shops, shop
D:5:      layout_rooms, nicolae_dithmenos_through_a_glass_darkly,
          chequers_temple_overflow_statue_of_worship
D:6:      layout_cave_pods, nicolae_hepliaklqana_ecumenical_no_more,
          minmay_temple_entry_fiery, chequers_arboretum
D:7:      kennysheep_steamy, layout_loops_ring, serial_shops,
          nicolae_diamond_shop, uniq_pikel

Skill      XL: |  1  2  3  4  5  6  7 |
---------------+----------------------+-----
Fighting       | 4 5 6 8 9 |  9.1
Polearms       | |  2.4
Dodging        | |  2.4
Stealth        | |  1.5

Action                   |  1- 3 |  4- 6 |  7- 9 || total
-------------------------+-------+-------+-------++-------
Melee: Demon blade       |    95 |   165 |    57 ||   317
       Spear             |     8 |       |       ||     8
       Punch             |       |     1 |       ||     1
Throw: Throwing net      |       |     1 |       ||     1
  Use: Scroll            |       |     6 |     1 ||     7
 Stab: Sleeping          |     2 |       |       ||     2
Armor: Scale mail        |    60 |    25 |       ||    85
       Plate armour      |       |    79 |    54 ||   133
Dodge: Dodged            |    59 |    50 |    14 ||   123
